 Dungeon Crawl Stone Soup version 0.18.1-8-gdd0e5ea (webtiles) character file.

856 zeroDi the Covert (level 8, -2/38 HPs)
             Began as a Vine Stalker Assassin on May 21, 2016.
             Was an Initiate of Okawaru.
             Slain by a wyvern zombie (9 damage)
             ... on level 6 of the Dungeon.
             The game lasted 00:12:28 (4998 turns).

zeroDi the Covert (Vine Stalker Assassin)           Turns: 4998, Time: 00:12:28

Health: -2/38      AC:  4    Str: 13    XL:     8   Next: 2%
Magic:  0/9        EV: 13    Int: 14    God:    Okawaru [......]
Gold:   213        SH:  4    Dex: 19    Spells: 0 memorised, 7 levels left

rFire  . . .     SeeInvis .     a - +2 dagger
rCold  . . .     Gourm    .     y - +1 robe of Insecurity {Int+3}
rNeg   . . .     Faith    .     w - +0 buckler
rPois  .         Spirit   +     (no helmet)
rElec  .         Dismiss  .     d - +0 cloak
rCorr  .         Reflect  .     (no gloves)
SustAt .         Harm     .     (no boots)
MR     +....                    (no amulet)
Stlth  ++++......               (no ring)
                                (no ring)

@: somewhat resistant to hostile enchantments, stealthy
A: fangs 3, regeneration 2, magic shield, antimagic bite, no device heal 3, rot
immunity
a: Renounce Religion


You were on level 6 of the Dungeon.
You worshipped Okawaru.
Okawaru was noncommittal.
You were hungry.

You visited 2 branches of the dungeon, and saw 7 of its levels.
You also visited: Sewer.

You collected 213 gold pieces.


Innate Abilities, Weirdness & Mutations

You have razor-sharp teeth.
You heal very quickly.
When hurt, damage is shared between your health and your magic reserves.
Your bite disrupts and absorbs the magic of your enemies.
Potions and wands cannot restore your health.
You are immune to rotting.


   Skills:
 - Level 1.7 Fighting
 - Level 5.7 Short Blades
 - Level 1.7 Throwing
 + Level 2.7 Dodging
 * Level 8.5 Stealth


You had 7 spell levels left.
You didn't know any spells.

Inventory:

Hand Weapons
 a - a +2 dagger (weapon)
 b - a +0 blowgun
Missiles
 e - 37 poisoned needles
 f - 5 curare-tipped needles {=f}
Armour
 c - a +0 robe
 d - a +0 cloak (worn)
 w - a +0 buckler (worn)
 y - the +1 robe of Insecurity (worn) {Int+3}
   (You found it on level 4 of the Dungeon)

   It affects your intelligence (+3).
Jewellery
 l - an uncursed ring of positive energy {unknown}
 m - an uncursed ring of ice {unknown}
Scrolls
 k - 4 scrolls of remove curse
 p - a scroll of random uselessness {unknown}
 z - a scroll of blinking
Potions
 h - 3 potions of might {unknown}
 j - a potion of magic {unknown}
 n - a potion of ambrosia {unknown}
 o - 3 potions of heal wounds {unknown}
 r - a potion of lignification {unknown}
 s - 2 potions of degeneration {unknown}
 t - 2 potions of curing {unknown}
 u - 2 potions of agility {unknown}
 x - 2 potions of flight {unknown}
Comestibles
 g - 4 bread rations
 i - a meat ration

Dungeon Overview and Level Annotations

Branches:
Dungeon (6/15)             Temple (1/1) D:5

Altars:
Ashenzari
Cheibriados
Elyvilon
Fedhas
Gozag
Kikubaaqudgha
Makhleb
Nemelex Xobeh
Okawaru
Pakellas
Qazlal
Ru
Sif Muna
Trog
Vehumet
Xom
Yredelemnul
Zin
The Shining One

####%..."....
#............
##.#.........
#............
#h...o....# #.
#.###[##.##
#..#o###....#
#....Z.o.#<.##
#.....@...........
#...(.....#.#.....
#.##.##>.........(
#.....#.#.####..#.
####..#.#.# ##
.....#.# ...#.#.#
.#


You could see an orc wizard, an orc and a wyvern zombie.


Message History

You bite the wyvern zombie, but do no damage.
The wyvern zombie barely misses you.
You hit the wyvern zombie. You bite the wyvern zombie! You drain its power.
The wyvern zombie closely misses you.
You hit the wyvern zombie. The wyvern zombie barely misses you.
You completely miss the wyvern zombie. The wyvern zombie bites you.
You hit the wyvern zombie.
You bite the wyvern zombie, but do no damage.
The orc wizard gestures at you while chanting.
The magic dart hits you!
* * * LOW HITPOINT WARNING * * *
The wyvern zombie bites you!
* * * LOW HITPOINT WARNING * * *
The wyvern zombie bites you.
* * * LOW HITPOINT WARNING * * *
The wyvern zombie bites you but does no damage.
The orc wizard casts a spell.
The orc wizard blinks!
The orc misses you. The wyvern zombie bites you!
You die...

Action                   |  1- 3 |  4- 6 |  7- 9 || total
-------------------------+-------+-------+-------++-------
Melee: Dagger            |    83 |   234 |   110 ||   427
       Bite              |    15 |    77 |    43 ||   135
 Fire: Blowgun           |     6 |    15 |    23 ||    44
  Use: Scroll            |       |       |     5 ||     5
 Stab: Sleeping          |    10 |     8 |     2 ||    20
  Eat: Chunk             |       |     7 |     4 ||    11
       Beef jerky        |       |       |     1 ||     1
Armor: Robe              |    20 |    40 |    17 ||    77
Dodge: Dodged            |    41 |   118 |    40 ||   199
Block: Buckler           |       |    11 |    11 ||    22

Vault maps used:
D:1:      tarquinn_simple_flora_water_d, minivault_4
D:2:      gammafunk_temple_overflow_forgotten, lemuel_crystal_altar,
          first_bread, uniq_robin, uniq_jessica, uniq_natasha
D:3:      grunt_temple_overflow_order_and_chaos_1, grunt_temple_overflow_open
D:4:      lemuel_coloured_pillars_altar, portal_sewer_entry_f,
          nicolae_tso_carved_into_rock
D:5:      minmay_temple_entry_butterflies
D:6:      serial_shops, nicolae_shop_statue_plus, grunt_decor_arrowhead
Temple:   minmay_temple_bridge_a_8
Sewer:    sewer_kobolds

Notes
Turn   | Place    | Note
--------------------------------------------------------------
     0 | D:1      | zeroDi the Vine Stalker Assassin began the quest for the Orb.
     0 | D:1      | Reached XP level 1. HP: 11/11 MP: 2/2
    21 | D:1      | Reached skill level 2 in Short Blades
    89 | D:1      | Reached XP level 2. HP: 15/15 MP: 3/3
   376 | D:1      | Reached skill level 3 in Short Blades
   523 | D:1      | Reached XP level 3. HP: 12/18 MP: 2/4
  1121 | D:2      | Noticed Jessica
  1138 | D:2      | Killed Jessica
  1138 | D:2      | Reached XP level 4. HP: 12/23 MP: 5/5
  1227 | D:2      | Noticed Natasha
  1228 | D:2      | Found a deep blue altar of Sif Muna.
  1232 | D:2      | Killed Natasha
  1232 | D:2      | Reached skill level 4 in Short Blades
  1243 | D:2      | Found a sparkling altar of Nemelex Xobeh.
  1244 | D:2      | Found a shattered altar of Ashenzari.
  1255 | D:2      | Found an ancient bone altar of Kikubaaqudgha.
  1345 | D:2      | Noticed Robin
  1371 | D:2      | Killed Robin
  1371 | D:2      | Reached XP level 5. HP: 8/26 MP: 4/6
  1528 | D:2      | Noticed Natasha
  1538 | D:2      | Killed Natasha
  1846 | D:3      | Noticed Aksel's ghost (amateur OpAs)
  1878 | D:3      | Reached skill level 5 in Short Blades
  1879 | D:3      | Noticed an ice beast
  1880 | D:3      | Found a glowing silver altar of Zin.
  1880 | D:3      | Noticed an angel
  1886 | D:3      | Found a shimmering altar of Xom.
  1897 | D:3      | Found a blossoming altar of Fedhas.
  1897 | D:3      | Found a radiant altar of Vehumet.
  1902 | D:3      | Found a snail-covered altar of Cheibriados.
  1902 | D:3      | Found a burning altar of Makhleb.
  2328 | D:3      | Killed Aksel's ghost
  2328 | D:3      | Gained mutation: You heal very quickly. [Vine Stalker growth]
  2328 | D:3      | Reached XP level 6. HP: 15/30 MP: 3/7
  2528 | D:4      | Found a glowing drain.
  2579 | Sewer    | Entered a sewer
  2593 | Sewer    | Reached skill level 1 in Dodging
  2613 | Sewer    | Reached skill level 5 in Stealth
  2710 | Sewer    | Found a white marble altar of Elyvilon.
  3086 | D:4      | Found an opulent altar of Gozag.
  3126 | D:4      | Found a glowing golden altar of the Shining One.
  3155 | D:4      | Reached skill level 6 in Stealth
  3160 | D:4      | Got a heavy robe
  3171 | D:4      | Identified the +1 robe of Insecurity {Int+3} (You found it on level 4 of the Dungeon)
  3275 | D:4      | Reached XP level 7. HP: 34/34 MP: 8/8
  3510 | D:5      | Entered Level 5 of the Dungeon
  3550 | D:5      | Reached skill level 2 in Dodging
  3550 | D:5      | Reached skill level 7 in Stealth
  4003 | D:5      | Reached skill level 8 in Stealth
  4324 | D:5      | Found a staircase to the Ecumenical Temple.
  4330 | Temple   | Entered the Ecumenical Temple
  4519 | Temple   | Became a worshipper of Warmaster Okawaru
  4869 | D:5      | Gained mutation: You have razor-sharp teeth. [Vine Stalker growth]
  4869 | D:5      | Reached XP level 8. HP: 13/38 MP: 3/9
  4998 | D:6      | Slain by a wyvern zombie

Vanquished Creatures
  An ogre (D:4)
  A sky beast (D:5)
  A centaur (D:5)
  The ghost of Aksel the Sneak, an amateur OpAs of Gozag (D:3)
  A big kobold (Sewer)
  2 orc wizards (D:5)
  An orc priest (D:5)
  Jessica (D:2)
  Natasha (twice) (D:2)
  3 iguanas
  Robin (D:2)
  3 gnolls (D:5)
  5 adders
  2 river rats (Sewer)
  A worm (D:4)
  A dart slug (D:5)
  5 giant geckos
  5 orcs
  14 bats
  5 giant cockroaches
  16 goblins
  6 hobgoblins
  10 jackals
  14 kobolds
  A quokka (D:3)
  A ball python (D:3)
  3 giant newts
  14 rats
121 creatures vanquished.
